 Dungeon Crawl Stone Soup version 0.29-a0-834-g1e95ca9f62 (webtiles) character file.

Game seed: 18185483914542380194

155404 inmateoo the Brawler (level 17, -2/170 HPs)
             Began as a Troll Monk on July 12, 2022.
             Was the Champion of Cheibriados.
             Slain by a shock serpent (12 damage)
             ... on level 3 of the Snake Pit.
             The game lasted 00:39:33 (26107 turns).

inmateoo the Brawler (Troll Monk)                  Turns: 26107, Time: 00:39:34

Health: -2/170     AC: 13    Str: 42    XL:     17   Next: 8%
Magic:  23/23      EV: 23    Int: 26    God:    Cheibriados [******]
Gold:   63         SH: 13    Dex: 27    Spells: 7/24 levels left

rFire   + . .      SeeInvis .     - Unarmed
rCold   + + .      Faith    .   v - +0 kite shield
rNeg    . . .      Spirit   .   A - +0 steam dragon scales
rPois   x          Reflect  .   (helmet restricted)
rElec   .          Harm     .   V - scarf {rC+ rF+}
rCorr   .          Rampage  .   (gloves unavailable)
Will    +....                   (boots unavailable)
Stlth   ++........              O - amulet of regeneration
HPRegen 1.98/turn               c - ring of the Hare {EV+8}
MPRegen 0.18/turn               I - ring of the Briny Deep {Fly rC+ AC+4 Int+5 Dex-2}

@: lethally poisoned (-2 -> -3), about to teleport, poison vulnerable, flying,
constricted, very slow
A: large, unfitting armour, claws 3, regeneration 1, shaggy fur 1, tough skin 1
a: Renounce Religion, Bend Time, Temporal Distortion, Slouch, Step From Time


You were on level 3 of the Snake Pit.
You worshipped Cheibriados.
Cheibriados was exalted by your worship.
You visited 5 branches of the dungeon, and saw 27 of its levels.

You collected 2564 gold pieces.
You spent 2501 gold pieces at shops.

Inventory:

Hand Weapons
 l - the +8 dagger of Eye-covered Expedience {venom, rC++ Str+4}
   (You found it on level 2 of the Dungeon)

   It poisons the flesh of those it strikes.
   Str:       It affects your strength (+4).
   rC:        It greatly protects you from cold.
Missiles
 e - 21 boomerangs
 g - a throwing net
 K - 3 silver javelins (quivered)
Armour
 v - a +0 kite shield (worn)
 x - a +2 robe of willpower
 A - +0 steam dragon scales (worn)
 V - a scarf of resistance (worn)
Jewellery
 c - the ring of the Hare (left claw) {EV+8}
   (You found it on level 15 of the Dungeon)

   [ring of evasion]

   EV:        It affects your evasion (+8).
 C - the ring "Ytzio" {rElec rN+ rCorr Stlth-}
   (You found it on level 2 of the Snake Pit)

   [ring of resist corrosion]

   rElec:     It insulates you from electricity.
   rN:        It protects you from negative energy.
   rCorr:     It protects you from acid and corrosion.
   Stlth:     It makes you less stealthy.
 G - a ring of see invisible
 I - the ring of the Briny Deep (right claw) {Fly rC+ AC+4 Int+5 Dex-2}
   (You found it on level 15 of the Dungeon)

   [ring of protection]

   AC:        It affects your AC (+4).
   Int:       It affects your intelligence (+5).
   Dex:       It affects your dexterity (-2).
   rC:        It protects you from cold.
   Fly:       It grants you flight.
 O - an amulet of regeneration (around neck)
 U - the ring of the King {rElec Str+6}
   (You found it on level 15 of the Dungeon)

   [ring of strength]

   Str:       It affects your strength (+6).
   rElec:     It insulates you from electricity.
Wands
 a - a wand of iceblast (10)
 B - a wand of flame (24)
 H - a wand of charming (10)
 J - a wand of mindburst (5)
Scrolls
 i - a scroll of amnesia
 m - 8 scrolls of teleportation
 n - 5 scrolls of vulnerability
 o - a scroll of magic mapping
 p - 4 scrolls of blinking
 t - 5 scrolls of enchant armour
 w - 3 scrolls of immolation
 y - 3 scrolls of poison
 F - 2 scrolls of enchant weapon
 L - 2 scrolls of fog
 M - a scroll of summoning
 N - 9 scrolls of identify
 P - 4 scrolls of fear
Potions
 b - 3 potions of ambrosia
 d - 2 potions of cancellation
 f - 2 potions of magic
 h - 5 potions of brilliance
 j - 3 potions of attraction
 k - 8 potions of flight
 q - a potion of invisibility
 r - 10 potions of curing
 s - a potion of might
 u - 6 potions of mutation
 z - 3 potions of resistance
 D - 4 potions of heal wounds
 T - 4 potions of lignification
Miscellaneous
 E - a lightning rod (4/4)
 S - a condenser vane (inert)


   Skills:
 + Level 11.0 Fighting
 - Level 5.0 Throwing
 - Level 10.0 Armour
 - Level 10.0 Dodging
 - Level 1.0 Stealth
 - Level 9.0 Shields
 - Level 17.0 Unarmed Combat
 + Level 4.0 Spellcasting
 + Level 4.7 Transmutations
 + Level 0.8 Air Magic
 - Level 10.0 Invocations


You had 7 spell levels left.
You knew the following spells:

 Your Spells              Type           Power      Damage    Failure   Level
a - Blade Hands           Tmut           14%        N/A       54%         5
b - Borgnjor's Vile Clut  Necr/Erth      2%         N/A       99%         5
c - Storm Form            Tmut/Air       9%         N/A       100%        7

Your spell library contained the following spells:

 Spells                   Type           Power      Damage    Failure   Level
 Foxfire                  Conj/Fire      20%        2x1d5     16%         1
 Necrotise                Necr           20%        1d5       16%         1
 Blink                    Tloc           10%        N/A       24%         2
 Ignite Poison            Fire/Tmut/Pois 13%        N/A       26%         3
 Mephitic Cloud           Conj/Pois/Air  6%         N/A       41%         3
 Conjure Flame            Conj/Fire      5%         6-21      43%         3
 Inner Flame              Hex/Fire       5%         N/A       43%         3
 Portal Projectile        Hex/Tloc       10%        N/A       43%         3
 Tukima's Dance           Hex            5%         N/A       43%         3
 Vampiric Draining        Necr           5%         2d6       43%         3
 Anguish                  Hex/Necr       2%         N/A       85%         4
 Animate Dead             Necr           5%         N/A       85%         4
 Flame Wave               Conj/Fire      5%         2d5       85%         4
 Agony                    Necr           5%         N/A       99%         5
 Freezing Cloud           Conj/Ice/Air   3%         6-21      99%         5
 Lee's Rapid Deconstruct  Erth           2%         3d6*      99%         5
 Manifold Assault         Tloc           5%         N/A       99%         5
 Death Channel            Necr           2%         N/A       100%        6
 Simulacrum               Ice/Necr       2%         N/A       100%        6
 Discord                  Hex            2%         N/A       100%        8
 Polar Vortex             Ice            2%         N/A       100%        9


Dungeon Overview and Level Annotations

Branches:
Dungeon (15/15)            Temple (1/1) D:4            Lair (6/6) D:11
 Shoals (0/4) Lair:3        Snake (3/4) Lair:2        Slime (0/5) Lair:6
    Orc (2/2) D:11            Elf (0/3) Orc:2        Vaults (0/5) D:13
 Depths (0/4) D:15

Altars:
Ashenzari
Cheibriados
Dithmenos
Elyvilon
Fedhas
Gozag
Hepliaklqana
Kikubaaqudgha
Makhleb
Nemelex Xobeh
Okawaru
Qazlal
Ru
Sif Muna
Trog
Uskayaw
Vehumet
Wu Jian
Xom
Yredelemnul
Zin
The Shining One

Shops:
D:2 ?   D:15 (=[   Orc:1 *   Orc:2 *[*=   Snake:2 !(*?   Snake:3 =::

Portals:
Abyss: D:14

Annotations:
D:14 2 transporters, gabibbone's ghost, adept DrEE
D:15 2 transporters
Snake:2 6 transporters


Innate Abilities, Weirdness & Mutations

You are too large for most types of armour.
You have claws for hands.
Your natural rate of healing is unusually fast.
You are covered in fur. (AC +1)
You have tough skin. (AC +1)


Message History

The naga warrior attacks as you move away!
You block the naga warrior's attack. The naga warrior completely misses you.
Your surroundings suddenly seem different.
A shock serpent, a salamander tyrant, a salamander and a naga sharpshooter come into view.
Found a potion of might.
You feel extremely sick.
Found a ring mail.
You feel extremely sick.
A salamander comes into view. It is wielding a +0 halberd.
You feel very sick.
The shock serpent hisses angrily.
The naga sharpshooter shouts!
You hear a shout!
You hear an angry hiss.
An anaconda comes into view.
A black mamba comes into view.
The naga sharpshooter spits poison at you.
The splash of poison misses you.
The naga sharpshooter unwields a +0 flail.
The naga sharpshooter wields a +0 longbow.
The naga sharpshooter shoots an arrow.
The arrow hits you!
As you read the scroll of teleportation, it crumbles to dust.
You feel strangely unstable.
You feel sick. The shock serpent bites you!
* * * LOW HITPOINT WARNING * * *
The shock serpent shocks you!
* * * LOW HITPOINT WARNING * * *
The shock serpent attacks as you move away!
You block the shock serpent's attack.
You feel very sick. The shock serpent misses you.
A naga mage comes into view.
It is wielding a +1 whip of electrocution.
The anaconda grabs you. You block the anaconda's attack.
The anaconda constricts you.
* * * LOW HITPOINT WARNING * * *
The salamander hits you from afar with a +0 trident.
* * * LOW HITPOINT WARNING * * *
You are engulfed in flames.
You resist.
* * * LOW HITPOINT WARNING * * *
The naga sharpshooter shoots an arrow.
The arrow barely misses you. The shock serpent bites you.
* * * LOW HITPOINT WARNING * * *
The shock serpent shocks you!
You die...

..............
.............
............
...........
####..........
##.............
#NN...N........
#........
#@S......
#SN.....#
...N...S.......
.......!.......
......####.....
...... #....
...[.N ....
..... ... .....
..


You could see a naga sharpshooter, a salamander, an anaconda, a shock serpent, a
black mamba and a naga mage.

Vanquished Creatures
  Saint Roka (Snake:2)
  Vashnia (Snake:2)
  Mlioglotl (Snake:2)
  Jorgrun (Snake:2)
  A nagaraja (Snake:2)
  A frost giant (D:15)
  An orc warlord (Orc:1)
  Azrael (D:14)
  2 ettins (D:15)
  Josephine (D:14)
  4 vault guards (D:15)
  A great orb of eyes (D:15)
  2 rakshasas (D:15)
  4 boulder beetles
  4 anacondas
  9 centaur warriors
  A spriggan air mage (D:15)
  10 hydras
  4 catoblepae
  2 two-headed ogres
  An ogre mage (D:15)
  A naga warrior (Snake:2)
  2 tengu warriors (D:15)
  Urug (Orc:1)
  15 death yaks (Lair:6)
  2 spriggan berserkers (D:15)
  5 orc high priests (Orc:2)
  2 shock serpents
  10 naga sharpshooters
  A skeletal warrior (D:15)
  A wizard (D:15)
  5 naga ritualists
  A lindwurm (Lair:6)
  4 deep elf pyromancers (D:15)
  A necromancer (D:15)
  A harpy (D:15)
  8 ugly things
  10 mana vipers
  2 oklob plants (Lair:6)
  An orc sorcerer (Orc:1)
  A wolf spider (D:13)
  12 orc knights
  6 manticores
  6 cyclopes
  14 elephants
  A merfolk siren (Lair:3)
  Joseph (D:9)
  A centaur zombie (D:15)
  5 naga magi
  31 black mambas
  3 gargoyles
  2 torpor snails
  2 guardian serpents (D:15)
  A centaur skeleton (D:15)
  10 cane toads
  4 rime drakes
  2 kobold demonologists
  5 efreet
  2 yaktaurs (D:15)
  A tengu conjurer (D:15)
  2 redback zombies (D:15)
  Maggie (D:8)
  2 freezing wraiths (D:15)
  10 komodo dragons
  8 trolls
  3 polar bears
  A hornet (D:15)
  29 blink frogs
  11 slime creatures
  A shadow (D:11)
  A centaur simulacrum (D:15)
  A spriggan (D:15)
  2 fire elementals (D:14)
  57 yaks
  6 wraiths
  4 wyverns
  15 humans (D:13)
  2 basilisks
  Grum (Lair:1)
  4 vampire mosquitoes
  12 nagas
  6 wargs
  2 acid dragons
  22 water moccasins
  3 hell hounds (D:14)
  2 floating eyes (D:15)
  A swamp drake (Lair:6)
  40 orc warriors
  2 sky beasts
  A black bear (shapeshifter) (D:15)
  4 black bears
  2 ice beasts
  4 ogres
  22 wolves
  4 boggarts
  8 centaurs
  5 phantoms
  4 kobold brigands
  2 necrophages
  3 gnoll sergeants
  23 bullfrogs
  2 scorpions
  8 wights
  3 troll zombies (D:11)
  2 howler monkeys (D:7)
  A gnoll bouda (D:5)
  3 hounds
  A jelly (D:4)
  39 orc priests
  3 iguanas (D:5)
  18 orc wizards
  4 hell rats (Lair:4)
  3 ogre zombies (D:11)
  25 gnolls
  6 adders
  A white imp (D:6)
  An ufetubus (D:4)
  3 worms
  2 dart slugs (D:1)
  87 orcs
  5 bats
  4 endoplasms
  3 giant cockroaches
  5 goblins
  6 hobgoblins
  7 jackals
  3 quokkas (D:1)
  4 ball pythons
  5 frilled lizards
  2 hobgoblin skeletons (D:11)
  4 hobgoblin zombies (D:11)
  28 kobolds
  4 orc skeletons (D:11)
  9 orc zombies (D:11)
  6 rats
876 creatures vanquished.

Vanquished Creatures (collateral kills)
  A hydra (Lair:6)
  A death yak (Lair:6)
  A wolf (Lair:6)
3 creatures vanquished.

Vanquished Creatures (others)
  An unseen horror (shapeshifter) (D:15)
  31 fungi
  59 plants
91 creatures vanquished.

Grand Total: 970 creatures vanquished

Notes
Turn   | Place    | Note
-------+----------+-------------------------------------------
     0 | D:1      | inmateoo the Troll Monk began the quest for the Orb.
     0 | D:1      | Reached XP level 1. HP: 22/22 MP: 0/0
   156 | D:1      | Reached XP level 2. HP: 29/29 MP: 1/1
   568 | D:2      | Reached XP level 3. HP: 29/36 MP: 2/2
   610 | D:2      | Reached skill level 4 in Unarmed Combat
   622 | D:2      | Reached XP level 4. HP: 41/44 MP: 3/3
   947 | D:2      | Identified the +8 dagger of Eye-covered Expedience {venom,
                  | rC++ Str+4}
   993 | D:2      | Found Pafruxot's Magic Scroll Shop.
  1001 | D:2      | Bought a scroll of identify for 24 gold pieces
  1001 | D:2      | Bought a scroll of identify for 24 gold pieces
  1001 | D:2      | Bought a scroll of identify for 24 gold pieces
  1772 | D:3      | Reached XP level 5. HP: 53/53 MP: 4/4
  1920 | D:4      | Reached skill level 1 in Armour
  2106 | D:4      | Found a staircase to the Ecumenical Temple.
  2235 | Temple   | Entered the Ecumenical Temple
  2293 | Temple   | Became a worshipper of Cheibriados the Contemplative
  2293 | Temple   | Reached * piety under Cheibriados
  2293 | Temple   | Reached ** piety under Cheibriados
  2447 | D:4      | You fall into a shaft and drop 2 floors!
  2459 | D:6      | Reached skill level 5 in Unarmed Combat
  2462 | D:6      | Reached XP level 6. HP: 61/61 MP: 5/5
  2610 | D:5      | Entered Level 5 of the Dungeon
  2644 | D:6      | Reached XP level 7. HP: 32/68 MP: 6/6
  2699 | D:6      | Reached skill level 6 in Unarmed Combat
  3010 | D:5      | Reached *** piety under Cheibriados
  3087 | D:5      | Reached XP level 8. HP: 78/78 MP: 7/7
  3116 | D:5      | HP: 2/78 [gnoll bouda/+0 club (8)]
  3121 | D:5      | Reached skill level 7 in Unarmed Combat
  3123 | D:5      | Reached skill level 1 in Invocations
  3200 | D:5      | Found a hazy altar of Hepliaklqana.
  3402 | D:5      | Noticed a kobold demonologist
  3464 | D:5      | Noticed a hellwing
  3465 | D:5      | Noticed an orange demon
  3465 | D:5      | Killed a kobold demonologist
  3466 | D:5      | Reached skill level 1 in Throwing
  3780 | D:6      | Reached XP level 9. HP: 68/85 MP: 9/9
  3962 | D:6      | Reached skill level 8 in Unarmed Combat
  4286 | D:7      | Reached **** piety under Cheibriados
  4373 | D:7      | Reached skill level 5 in Fighting
  4373 | D:7      | Reached skill level 5 in Dodging
  5112 | D:8      | Reached skill level 1 in Shields
  5181 | D:8      | Reached skill level 9 in Unarmed Combat
  5439 | D:8      | Reached XP level 10. HP: 96/96 MP: 11/11
  5470 | D:8      | Noticed Maggie
  5476 | D:8      | Killed Maggie
  5894 | D:9      | Noticed Joseph
  5929 | D:8      | Reached ***** piety under Cheibriados
  6149 | D:9      | Killed Joseph
  6823 | D:10     | Entered Level 10 of the Dungeon
  7131 | D:10     | Reached skill level 5 in Armour
  7478 | D:11     | Found a staircase to the Orcish Mines.
  7503 | D:11     | Reached skill level 10 in Unarmed Combat
  7873 | D:11     | Found a staircase to the Lair.
  7873 | D:11     | Noticed a gargoyle
  7887 | D:11     | Reached XP level 11. HP: 65/105 MP: 13/13
  7888 | D:11     | Reached ****** piety under Cheibriados
  8385 | D:12     | Reached skill level 5 in Invocations
 10017 | D:13     | Noticed a centaur warrior
 10018 | D:13     | Noticed an orc knight
 10027 | D:13     | Noticed a wolf spider
 10229 | D:13     | Noticed a sixfirhy
 10297 | D:13     | Killed an orc knight
 10298 | D:13     | Reached skill level 5 in Throwing
 10298 | D:13     | Reached skill level 11 in Unarmed Combat
 10304 | D:13     | Noticed a purple ugly thing
 10305 | D:13     | Noticed a centaur warrior
 10312 | D:13     | Killed a purple ugly thing
 10317 | D:13     | Killed a centaur warrior
 10434 | D:13     | Noticed a boulder beetle
 10448 | D:13     | Killed a boulder beetle
 10449 | D:13     | Reached XP level 12. HP: 43/115 MP: 15/15
 10687 | D:13     | Noticed a two-headed ogre
 10695 | D:13     | Killed a two-headed ogre
 10840 | D:13     | Reached skill level 5 in Shields
 10934 | D:13     | Found a gate to the Vaults.
 11058 | D:13     | Noticed a centaur warrior
 11067 | D:13     | Killed a centaur warrior
 11186 | D:13     | Killed a centaur warrior
 11448 | D:14     | Noticed Azrael
 11449 | D:14     | Noticed a boulder beetle
 11453 | D:14     | Reached skill level 12 in Unarmed Combat
 11457 | D:14     | Killed Azrael
 11460 | D:14     | Killed a boulder beetle
 11591 | D:14     | Noticed a centaur warrior
 11594 | D:14     | Killed a centaur warrior
 11614 | D:14     | Noticed Josephine
 11614 | D:14     | Noticed a centaur warrior
 11623 | D:14     | Killed Josephine
 11642 | D:14     | Killed a centaur warrior
 11661 | D:14     | Found an opulent altar of Gozag.
 11729 | D:14     | Found a transporter.
 11754 | D:14     | Noticed a two-headed ogre
 11869 | D:14     | Noticed a tentacled starspawn
 11888 | D:14     | Killed a two-headed ogre
 11889 | D:14     | Reached XP level 13. HP: 92/127 MP: 17/17
 11935 | D:14     | Found a transporter.
 11935 | D:14     | Found a one-way gate to the infinite horrors of the Abyss.
 11935 | D:14     | Noticed gabibbone's ghost (adept DrEE)
 11960 | D:14     | Noticed a tentacled starspawn
 12120 | D:14     | Identified the +1 robe "Jeirozil" {rF- Int+2 Slay+6}
 12249 | Lair:1   | Entered Level 1 of the Lair of Beasts
 12256 | Lair:1   | You fall into a shaft and drop 1 floor!
 12738 | Lair:2   | Got the Reference Book on Guile and Geology
 12879 | Lair:2   | Found a staircase to the Snake Pit.
 12986 | Lair:2   | Reached skill level 13 in Unarmed Combat
 13904 | Lair:1   | Noticed Grum
 13920 | Lair:1   | Killed Grum
 15222 | Lair:3   | Found a staircase to the Shoals.
 15453 | Lair:4   | Reached XP level 14. HP: 132/137 MP: 18/18
 15548 | Lair:4   | Reached skill level 14 in Unarmed Combat
 15709 | Lair:4   | Found a sacrificial altar of Ru.
 16952 | Lair:6   | Entered Level 6 of the Lair of Beasts
 17479 | Lair:6   | Reached skill level 15 in Unarmed Combat
 17694 | Lair:6   | Reached XP level 15. HP: 128/146 MP: 20/20
 18160 | Lair:6   | Found a staircase to the Slime Pits.
 18668 | D:15     | Entered Level 15 of the Dungeon
 18939 | D:15     | Found Velom's Antique Armour Shop.
 18999 | D:15     | Paralysed by a floating eye for 2 turns
 19026 | D:15     | Identified the ring "Vadeleog" {Ice rElec}
 19123 | D:15     | Learned a level 5 spell: Blade Hands
 19170 | D:15     | Found Tosi's Antique Weapon Boutique.
 19230 | D:15     | Identified the ring of the King {rElec Str+6}
 19283 | D:15     | Paralysed by a floating eye for 2 turns
 19310 | D:15     | Found the ring of the Hare {EV+8}
 19347 | D:15     | Found Engeil's Jewellery Shop.
 19398 | D:15     | Identified the ring of the Briny Deep {Fly rC+ AC+4 Int+5
                  | Dex-2}
 19459 | D:15     | Reached skill level 1 in Transmutations
 19488 | D:15     | Found a transporter.
 19504 | D:15     | Reached skill level 1 in Spellcasting
 19554 | D:15     | Noticed a frost giant
 19555 | D:15     | Found a staircase to the Depths.
 19562 | D:15     | Killed a frost giant
 19632 | D:15     | Found a transporter.
 19825 | D:15     | Reached skill level 16 in Unarmed Combat
 19865 | D:15     | Reached skill level 10 in Invocations
 19866 | D:15     | Reached XP level 16. HP: 151/158 MP: 22/22
 19992 | Orc:1    | Entered Level 1 of the Orcish Mines
 20035 | Orc:2    | Entered Level 2 of the Orcish Mines
 20243 | Orc:1    | Reached skill level 10 in Dodging
 20315 | Orc:2    | Reached skill level 10 in Fighting
 20515 | Orc:2    | Found a staircase to the Elven Halls.
 20621 | Orc:1    | Found Ziock's Overcharged Wands.
 20789 | Orc:1    | Noticed Urug
 20808 | Orc:1    | Killed Urug
 21562 | Orc:2    | Found Runiuw's Assorted Antiques.
 21563 | Orc:2    | Found Huilez's Assorted Antiques.
 21563 | Orc:2    | Found Ganiunydd's Armour Boutique.
 21564 | Orc:2    | Found Lyahaagu's Jewellery Shop.
 21573 | Orc:2    | Bought a scarf of resistance for 320 gold pieces
 21827 | Snake:1  | Entered Level 1 of the Snake Pit
 23205 | Snake:2  | Found Luer's Distillery.
 23439 | Snake:2  | Identified the ring "Ytzio" {rElec rN+ rCorr Stlth-}
 23468 | Snake:2  | Bought a potion of resistance for 180 gold pieces
 23468 | Snake:2  | Bought a potion of resistance for 180 gold pieces
 23468 | Snake:2  | Bought a potion of curing for 54 gold pieces
 23468 | Snake:2  | Bought a potion of invisibility for 144 gold pieces
 23468 | Snake:2  | Bought a potion of lignification for 54 gold pieces
 23481 | Snake:2  | Found a transporter.
 23484 | Snake:2  | Found a transporter.
 23525 | Snake:2  | Reached skill level 10 in Armour
 23712 | Snake:2  | Found a transporter.
 23717 | Snake:2  | Found a transporter.
 23771 | Snake:2  | Noticed Jorgrun
 23784 | Snake:2  | Killed Jorgrun
 23785 | Snake:2  | Reached skill level 17 in Unarmed Combat
 23842 | Snake:2  | Noticed Vashnia
 23852 | Snake:2  | Found Wiphidas's Weapon Boutique.
 23852 | Snake:2  | Found Gathramp's General Store.
 24006 | Snake:2  | Found Wuyd's Magic Scroll Boutique.
 24066 | Snake:2  | Bought a scroll of fear for 44 gold pieces
 24066 | Snake:2  | Bought a scroll of fear for 44 gold pieces
 24066 | Snake:2  | Bought a scroll of teleportation for 33 gold pieces
 24066 | Snake:2  | Bought a scroll of summoning for 104 gold pieces
 24066 | Snake:2  | Bought a scroll of enchant armour for 82 gold pieces
 24960 | Snake:2  | Killed Vashnia
 25280 | Snake:2  | Noticed Saint Roka
 25303 | Snake:2  | Killed Saint Roka
 25403 | Snake:2  | Found a white marble altar of Elyvilon.
 25455 | Snake:2  | Noticed Mlioglotl
 25466 | Snake:2  | Noticed a tentacled starspawn
 25467 | Snake:2  | Killed Mlioglotl
 25666 | Snake:2  | Found a transporter.
 25668 | Snake:2  | Found a transporter.
 25872 | Snake:3  | Reached XP level 17. HP: 169/169 MP: 23/23
 25884 | Snake:3  | Found Pureidd's Book Shop.
 25886 | Snake:3  | Found Vumemn's Jewellery Shoppe.
 25887 | Snake:3  | Found Racsixio's Book Shop.
 25893 | Snake:3  | Bought a book of Unlife for 612 gold pieces
 25893 | Snake:3  | Bought an Inescapable Atlas for 578 gold pieces
 25899 | Snake:3  | Learned a level 5 spell: Borgnjor's Vile Clutch
 25907 | Snake:3  | Learned a level 7 spell: Storm Form
 26107 | Snake:3  | Slain by a shock serpent

Illustrated notes

Levels and vault maps discovered:
D:1:      minmay_arrival_stone_box, layout_rooms
D:2:      layout_loops_ring, serial_shops, nicolae_shop_hallway_stairs,
          dreamdust_mushroom_princess
D:3:      layout_loops_ring, minmay_strange_pillars, st_stairs_11,
          minmay_misc_feat_alley
D:4:      layout_gridville, minmay_temple_entry_stoned_glass,
          grunt_decor_one_mirror
D:5:      kennysheep_big_flooded_room, layout_cave_pools,
          mainiacjoe_overflow_concentric_impassable
D:6:      layout_cave_pools, hex_tiny
D:7:      layout_loops_ring, grunt_ministairs_5
D:8:      layout_basic, uniq_maggie
D:9:      layout_long_grid, uniq_joseph
D:10:     layout_cave_pools
D:11:     layout_roguey, erik_lair_orcish_takeover, zombieorc1_lemuel
D:12:     layout_loops_cross
D:13:     layout_grid_maze, david_vaults_3
D:14:     layout_roguey, nicolae_gozag_seed_capital,
          gammafunk_ghost_abyssal_escape, uniq_josephine, uniq_azrael
D:15:     hangedman_spin_cycle
Temple:   grunt_wide_crystal_templ
Lair:1:   layout_small_grid, infiniplex_staircase_pool_2, grunt_megastairs_4,
          uniq_grum
Lair:2:   layout_loops_ring, minmay_snake_entry_six_corridors,
          grunt_megastairs_3, serial_bayou_shore_b
Lair:3:   layout_regular_city, minmay_shoals_entry_lonely_mermaid, minivault_11
Lair:4:   layout_regular_city, basic_altar, portal_ice_cave_rime,
          grunt_megastairs_1
Lair:5:   layout_regular_city, guppyfry_lair_drakes
Lair:6:   evilmike_catoblepas_cave, layout_concentric_octagons,
          minmay_slime_entry_oklob_enclosed, hibernation_bobbens,
          infiniplex_staircase_pool
Snake:1:  layout_chambers, nicolae_triple_integral
Snake:2:  layout_chambers, serial_shops, nicolae_shop_stone, basic_altar,
          serial_nicolae_subway, nicolae_sub_station_metal,
          nicolae_sub_station_stone, nicolae_sub_station_crystal,
          minmay_shop_star, uniq_jorgrun, uniq_mlioglotl, uniq_vashnia,
          uniq_saint_roka
Snake:3:  layout_onion, grunt_megastairs_2, minmay_shop_grove
Orc:1:    nicolae_orc_accident_2, layout_diamond_mine,
          nicolae_shop_overcharged_wands, uniq_urug
Orc:2:    st_orc_pillars, layout_caves

Skill      XL: |  1  2  3  4  5  6  7  8  9 10 11 12 13 14 15 16 17 |
---------------+----------------------------------------------------+-----
Unarmed Combat | 4 5 6 7 9 10 11 12 13 15 16 17 | 17.0
Fighting       | 3 4 5 6 7 8 9 10 11 | 11.0
Dodging        | 3 4 5 6 7 8 9 10 | 10.0
Armour         | 1 2 3 4 5 6 7 8 9 10 | 10.0
Invocations    | 2 3 4 5 6 7 8 10 | 10.0
Throwing       | 1 3 4 5 |  5.0
Shields        | 1 3 4 6 7 8 9 |  9.0
Transmutations | 1 4 |  4.7
Spellcasting   | 1 3 4 |  4.0
Stealth        | |  1.0
Air Magic      | |  0.8

Action                   |  1- 3 |  4- 6 |  7- 9 | 10-12 | 13-15 | 16-18 || total
-------------------------+-------+-------+-------+-------+-------+-------++-------
Melee: Unarmed           |    81 |   155 |   257 |   532 |  1003 |   628 ||  2656
       Punch             |     1 |     2 |     7 |       |       |       ||    10
Throw: Boomerang         |       |       |       |     3 |       |       ||     3
       Throwing net      |       |       |       |     1 |       |       ||     1
       Javelin           |       |       |       |     3 |       |       ||     3
Invok: Slouch            |       |       |       |     6 |     4 |     7 ||    17
Evoke: Wand              |       |       |       |    28 |    10 |     7 ||    45
       Lightning rod     |       |       |       |       |     8 |     1 ||     9
       Condenser vane    |       |       |       |       |       |     2 ||     2
  Use: Scroll            |     2 |    12 |     5 |    11 |     5 |     3 ||    38
       Potion            |       |       |     2 |       |     4 |     1 ||     7
 Stab: Sleeping          |       |     4 |     1 |     4 |     9 |     1 ||    19
       Distracted        |       |       |       |       |     2 |     1 ||     3
       Petrified         |       |       |       |       |     3 |       ||     3
       Petrifying        |       |       |       |       |     1 |       ||     1
       Confused          |       |       |       |       |       |     6 ||     6
Armor: Robe              |    33 |    59 |    60 |       |       |       ||   152
       Steam dragon scal |       |       |       |   115 |   261 |    95 ||   471
       Skin              |       |       |       |       |    24 |       ||    24
Dodge: Dodged            |    39 |    97 |   146 |   312 |   644 |   562 ||  1800
Block: Kite shield       |       |       |    14 |   335 |   712 |   468 ||  1529

Table legend: (Time is in decaauts)
 A = Elapsed time spent in this place.
 B = Non-inter-level travel time spent in this place.
 C = Inter-level travel time spent in this place.
 D = Time resting spent in this place.
 E = Time spent auto-exploring this place.
 F = Levels seen in this place.
 G = Mean time per level.
                   A        B        C        D        E       F      G
               +--------+--------+--------+--------+--------+-----+--------+
         Total |  39412 |  37173 |   2239 |   5788 |  21970 |  27 | 1459.7 |
       Dungeon |  19064 |  18041 |   1023 |   3218 |   9903 |  15 | 1270.9 |
        Temple |     76 |     59 |     17 |      0 |     37 |   1 |   76.0 |
          Lair |  10877 |  10014 |    863 |    890 |   7043 |   6 | 1812.8 |
     Snake Pit |   6586 |   6418 |    168 |   1406 |   3681 |   3 | 2195.3 |
  Orcish Mines |   2807 |   2641 |    166 |    273 |   1304 |   2 | 1403.5 |
               +--------+--------+--------+--------+--------+-----+--------+

Top non-repeatable levels by time:
 Snake:1: 3161 daAuts
 Snake:2: 3129 daAuts
    D:11: 2670 daAuts
  Lair:6: 2602 daAuts
    D:13: 2219 daAuts
  Lair:2: 2216 daAuts
   Orc:2: 1858 daAuts
     D:8: 1638 daAuts
    D:15: 1601 daAuts
  Lair:3: 1582 daAuts
  Lair:1: 1543 daAuts
  Lair:4: 1492 daAuts
  Lair:5: 1440 daAuts
    D:12: 1313 daAuts
    D:14: 1308 daAuts
